TOP OF THE 1ST |
London Majors batting - Pitching for New Jersey Devils : LHP Nestor Donato
|
Pitching: LHP Nestor Donato
|
|
Batting: RHB Dustin Bargman
|
0-0: Ball 1-0: Ball 2-0: Called Strike 2-1: Foul Ball, location: 2F 2-2: Strikes out looking
|
Batting: RHB Shunsuke Shiba Inu
|
0-0: Swinging Strike 0-1: Ball 1-1: Fly out, F4 (Popup, 4M, EV 73.1 MPH)
|
Batting: RHB Luis Gomez
|
0-0: Swinging Strike 0-1: Ball 1-1: Called Strike 1-2: Strikes out swinging, 2-3 out at first.
|
Top of the 1st over - 0 runs, 0 hits, 0 errors, 0 left on base; London 0 - New Jersey 0 |
BOTTOM OF THE 1ST |
New Jersey Devils batting - Pitching for London Majors : RHP Gil Brady
|
Pitching: RHP Gil Brady
|
|
Batting: SHB Tyler Maddux
|
0-0: Ball 1-0: Swinging Strike 1-1: Ball 2-1: Bunt for hit to 5S - play at first, batter OUT! 5-3
|
Batting: RHB Oscar Bravo
|
0-0: Ball 1-0: Ball 2-0: Called Strike 2-1: Foul Ball, location: 2F 2-2: Strikes out looking
|
Batting: RHB Larry Shoop
|
0-0: Called Strike 0-1: Ball 1-1: Called Strike 1-2: Ball 2-2: Ball 3-2: Ground out 5-3 (Groundball, 56, EV 107.5 MPH)
|
Bottom of the 1st over - 0 runs, 0 hits, 0 errors, 0 left on base; London 0 - New Jersey 0 |
TOP OF THE 2ND |
London Majors batting - Pitching for New Jersey Devils : LHP Nestor Donato
|
Batting: LHB Kurt Estep
|
0-0: Called Strike 0-1: Ground out 6-3 (Groundball, 6, EV 86.9 MPH)
|
Batting: RHB Stephen Casteel
|
0-0: Ball 1-0: Foul Ball, location: 2F 1-1: Ball 2-1: Ball 3-1: Foul Ball, location: 2F 3-2: Ground out 6-3 (Groundball, 6, EV 91.9 MPH)
|
Batting: LHB Eric Toney
|
0-0: Ball 1-0: Called Strike 1-1: Ball 2-1: SINGLE (Line Drive, 8RS, EV 91.9 MPH)
|
Batting: RHB Terry Plumley
|
0-0: Swinging Strike 0-1: Called Strike 0-2: Ball 1-2: Strikes out swinging
|
Top of the 2nd over - 0 runs, 1 hit, 0 errors, 1 left on base; London 0 - New Jersey 0 |
BOTTOM OF THE 2ND |
New Jersey Devils batting - Pitching for London Majors : RHP Gil Brady
|
Batting: LHB Tony Leyba
|
0-0: Called Strike 0-1: Ball 1-1: Foul Ball, location: 2F 1-2: Ball 2-2: Foul Ball, location: 2F 2-2: Ball 3-2: Foul Ball, location: 2F 3-2: Strikes out swinging
|
Batting: RHB Dan Muse
|
0-0: Ball 1-0: Called Strike 1-1: Foul Ball, location: 2F 1-2: Ball 2-2: SINGLE (Groundball, 56D, EV 97.5 MPH)
|
Batting: LHB Miguel Ramos
|
0-0: Called Strike 0-1: Fly out, F7 (Line Drive, 78S, EV 102.5 MPH)
|
Batting: LHB Matt Baker
|
0-0: Ball Dan Muse steals 2nd base 1-0: Ground out U3 (Groundball, 34S, EV 79.4 MPH)
|
Bottom of the 2nd over - 0 runs, 1 hit, 0 errors, 1 left on base; London 0 - New Jersey 0 |
TOP OF THE 3RD |
London Majors batting - Pitching for New Jersey Devils : LHP Nestor Donato
|
Batting: SHB Dominik Hasek II
|
0-0: Ground out 6-3 (Groundball, 6M, EV 80.6 MPH)
|
Batting: RHB Dan Muns
|
0-0: Ball 1-0: Called Strike 1-1: Swinging Strike 1-2: Ball 2-2: Ball 3-2: Base on Balls
|
Batting: RHB Dustin Bargman
|
0-0: Called Strike 0-1: Ball 1-1: Foul Ball, location: 2F 1-2: Ground out 4-3 (Groundball, 34D, EV 105.6 MPH) Dan Muns to second
|
Batting: RHB Shunsuke Shiba Inu
|
0-0: Ball 1-0: Ball 2-0: Foul Ball, location: 2F 2-1: SINGLE (Line Drive, 6MD, EV 95.6 MPH) Dan Muns to third
|
Batting: RHB Luis Gomez
|
0-0: Ball 1-0: Foul Ball, location: 2F 1-1: Ball 2-1: Foul Ball, location: 2F 2-2: Foul Ball, location: 2F 2-2: Fielders Choice at 2nd, 5-4 (Groundball, 56, EV 82.5 MPH)
|
Top of the 3rd over - 0 runs, 1 hit, 0 errors, 2 left on base; London 0 - New Jersey 0 |
BOTTOM OF THE 3RD |
New Jersey Devils batting - Pitching for London Majors : RHP Gil Brady
|
Batting: RHB Jim Freels
|
0-0: Ball 1-0: Foul Ball, location: 2F 1-1: Foul Ball, location: 2F 1-2: Strikes out swinging
|
Batting: RHB Michael Youngberry
|
0-0: Called Strike 0-1: Ball 1-1: Ground out 3-1 (Groundball, 34, EV 91.2 MPH)
|
Batting: SHB Tyler Maddux
|
0-0: Called Strike 0-1: Ball 1-1: Ball 2-1: Ball 3-1: SINGLE (Groundball, 15S, EV 70.6 MPH) (infield hit)
|
Batting: RHB Oscar Bravo
|
0-0: Ball 1-0: Ball 2-0: SINGLE (Line Drive, 89S, EV 106.2 MPH) Tyler Maddux to second
|
Batting: RHB Larry Shoop
|
0-0: Ball 1-0: Ball 2-0: Ball 3-0: Base on Balls Tyler Maddux to third Oscar Bravo to second
|
Batting: LHB Tony Leyba
|
0-0: Called Strike 0-1: Ball 1-1: Ball 2-1: Called Strike 2-2: GRAND SLAM HOME RUN (Flyball, 9D, EV 94.4 MPH), Distance : 359 ft
|
Batting: RHB Dan Muse
|
0-0: Ball 1-0: Ball 2-0: Ball 3-0: Called Strike 3-1: Called Strike 3-2: Strikes out looking
|
Bottom of the 3rd over - 4 runs, 3 hits, 0 errors, 0 left on base; London 0 - New Jersey 4 |
TOP OF THE 4TH |
London Majors batting - Pitching for New Jersey Devils : LHP Nestor Donato
|
Batting: LHB Kurt Estep
|
0-0: Ball 1-0: Called Strike 1-1: Swinging Strike 1-2: Ground out 4-3 (Groundball, 4, EV 88.8 MPH)
|
Batting: RHB Stephen Casteel
|
0-0: Called Strike 0-1: Swinging Strike 0-2: Ball 1-2: Ball 2-2: Ball 3-2: DOUBLE (Line Drive, 3D, EV 99.4 MPH)
|
Batting: LHB Eric Toney
|
0-0: Called Strike 0-1: Ball 1-1: Swinging Strike 1-2: Foul Ball, location: 2F 1-2: Strikes out looking
|
Batting: RHB Terry Plumley
|
0-0: Ball 1-0: Ground out 3-1 (Groundball, 34S, EV 65.6 MPH)
|
Top of the 4th over - 0 runs, 1 hit, 0 errors, 1 left on base; London 0 - New Jersey 4 |
BOTTOM OF THE 4TH |
New Jersey Devils batting - Pitching for London Majors : RHP Gil Brady
|
Batting: LHB Miguel Ramos
|
0-0: SINGLE (Groundball, 4, EV 96.2 MPH)
|
Batting: LHB Matt Baker
|
0-0: Foul Ball, location: 2F 0-1: Ball 1-1: Reached on error, E3 (Groundball, 34, EV 86.9 MPH) Miguel Ramos to second
|
Batting: RHB Jim Freels
|
0-0: Ball 1-0: Reached via error on a dropped throw from 2B, E6 (Groundball, 4M, EV 83.8 MPH) Miguel Ramos to third Matt Baker to second
|
Batting: RHB Michael Youngberry
|
0-0: Ball 1-0: Foul Ball, location: 2F 1-1: Ball 2-1: Called Strike 2-2: Foul Ball, location: 2F 2-2: Ball 3-2: Base on Balls Miguel Ramos scores Matt Baker to third Jim Freels to second
|
Batting: SHB Tyler Maddux
|
0-0: Ball 1-0: Called Strike 1-1: Called Strike 1-2: Strikes out swinging
|
Batting: RHB Oscar Bravo
|
0-0: Called Strike 0-1: Foul Ball, location: 2F 0-2: Ball 1-2: Foul Ball, location: 2F 1-2: Fly out, F8 (Flyball, 8LD, EV 105.6 MPH) Runner from 3rd tags up, SCORES, throw by CF Jim Freels to third
|
Batting: RHB Larry Shoop
|
0-0: Ball 1-0: Foul Ball, location: 2F 1-1: Foul Ball, location: 2F 1-2: Ball 2-2: Ball 3-2: Foul Ball, location: 2F 3-2: Foul Ball, location: 2F 3-2: Strikes out swinging
|
Bottom of the 4th over - 2 runs, 1 hit, 2 errors, 2 left on base; London 0 - New Jersey 6 |
TOP OF THE 5TH |
London Majors batting - Pitching for New Jersey Devils : LHP Nestor Donato
|
Batting: SHB Dominik Hasek II
|
0-0: Ball 1-0: Ball 2-0: SINGLE (Groundball, 6D, EV 103.1 MPH)
|
Batting: RHB Dan Muns
|
0-0: Swinging Strike 0-1: Ball Dominik Hasek II steals 2nd base 1-1: Fly out, F6 (Popup, 6MD, EV 60.6 MPH)
|
Batting: RHB Dustin Bargman
|
0-0: Called Strike 0-1: Ball 1-1: Swinging Strike 1-2: Ball 2-2: Ground out U3 (Groundball, 34S, EV 90.6 MPH) Dominik Hasek II to third
|
Batting: RHB Shunsuke Shiba Inu
|
0-0: Ball 1-0: Ball 2-0: Foul Ball, location: 2F 2-1: Swinging Strike 2-2: Ball 3-2: Foul Ball, location: 2F 3-2: Foul Ball, location: 2F 3-2: Strikes out looking
|
Top of the 5th over - 0 runs, 1 hit, 0 errors, 1 left on base; London 0 - New Jersey 6 |
BOTTOM OF THE 5TH |
New Jersey Devils batting - Pitching for London Majors : RHP Gil Brady
|
Batting: LHB Tony Leyba
|
0-0: Ball 1-0: Called Strike 1-1: Foul Ball, location: 2F 1-2: SINGLE (Groundball, 4MD, EV 100.6 MPH)
|
Batting: RHB Dan Muse
|
0-0: Ball 1-0: Ball 2-0: Ball 3-0: Base on Balls Tony Leyba to second
|
Pitching: RHP Jason Hanson
|
|
Batting: LHB Miguel Ramos
|
0-0: Foul Ball, location: 2F 0-1: Called Strike 0-2: Ball 1-2: Strikes out looking
|
Batting: LHB Matt Baker
|
0-0: Called Strike 0-1: SINGLE (Groundball, 4MD, EV 106.9 MPH) Tony Leyba to third Dan Muse to second
|
Batting: RHB Jim Freels
|
0-0: Grounds into double play, 3-6-3 (Groundball, 13, EV 77.5 MPH)
|
Bottom of the 5th over - 0 runs, 2 hits, 0 errors, 2 left on base; London 0 - New Jersey 6 |
TOP OF THE 6TH |
London Majors batting - Pitching for New Jersey Devils : LHP Nestor Donato
|
Batting: RHB Luis Gomez
|
0-0: Swinging Strike 0-1: Called Strike 0-2: Ball 1-2: Ball 2-2: Strikes out looking
|
Batting: LHB Kurt Estep
|
0-0: Fly out, F7 (Flyball, 78S, EV 93.1 MPH)
|
Batting: RHB Stephen Casteel
|
0-0: Ball 1-0: Ball 2-0: Called Strike 2-1: Ball 3-1: Base on Balls
|
Batting: LHB Eric Toney
|
0-0: Ball Stephen Casteel steals 2nd base 1-0: Called Strike 1-1: Called Strike 1-2: Strikes out swinging
|
Top of the 6th over - 0 runs, 0 hits, 0 errors, 1 left on base; London 0 - New Jersey 6 |
BOTTOM OF THE 6TH |
New Jersey Devils batting - Pitching for London Majors : RHP Jason Hanson
|
Batting: RHB Michael Youngberry
|
0-0: Fly out, F9 (Line Drive, 9, EV 105.6 MPH)
|
Batting: SHB Tyler Maddux
|
0-0: Foul Ball, location: 2F 0-1: Foul Ball, location: 2F 0-2: Strikes out swinging
|
Batting: RHB Oscar Bravo
|
0-0: Called Strike 0-1: Ball 1-1: Ball 2-1: Ground out 1-3 (Groundball, 13S, EV 76.2 MPH)
|
Bottom of the 6th over - 0 runs, 0 hits, 0 errors, 0 left on base; London 0 - New Jersey 6 |
TOP OF THE 7TH |
London Majors batting - Pitching for New Jersey Devils : LHP Nestor Donato
|
Batting: RHB Terry Plumley
|
0-0: Called Strike 0-1: Swinging Strike 0-2: Ball 1-2: Foul Ball, location: 2F 1-2: SINGLE (Groundball, 6MD, EV 96.2 MPH)
|
Batting: SHB Dominik Hasek II
|
0-0: Foul Ball, location: 2F 0-1: SINGLE (Flyball, 8LS, EV 87.5 MPH) Terry Plumley to second
|
Batting: RHB Dan Muns
|
0-0: Foul Ball, location: 2F 0-1: Ball 1-1: Ball 2-1: Reached on error, E1 (Groundball, 34S, EV 72.5 MPH) Terry Plumley to third Dominik Hasek II to second
|
Batting: RHB Dustin Bargman
|
0-0: Ball 1-0: Called Strike 1-1: Ground out 4-3 (Groundball, 34D, EV 104.4 MPH) Terry Plumley scores Dominik Hasek II to third Dan Muns to second
|
Pitching: RHP Antonio Reyes
|
|
Batting: RHB Shunsuke Shiba Inu
|
0-0: Called Strike 0-1: Fly out, F9 (Flyball, 9S, EV 84.4 MPH)
|
Batting: RHB Luis Gomez
|
0-0: Ball 1-0: Swinging Strike 1-1: Ball Passed Ball! Dominik Hasek II scores Dan Muns to third 2-1: Fly out, F8 (Flyball, 8RXD, EV 96.9 MPH)
|
Top of the 7th over - 2 runs, 2 hits, 1 error, 1 left on base; London 2 - New Jersey 6 |
BOTTOM OF THE 7TH |
New Jersey Devils batting - Pitching for London Majors : RHP Jason Hanson
|
Batting: RHB Larry Shoop
|
0-0: Ball 1-0: Called Strike 1-1: Ball 2-1: Fly out, F7 (Flyball, 7S, EV 70.6 MPH)
|
Batting: LHB Tony Leyba
|
0-0: Foul Ball, location: 2F 0-1: Foul Ball, location: 2F 0-2: Strikes out swinging
|
Batting: RHB Dan Muse
|
0-0: Foul Ball, location: 2F 0-1: Ball 1-1: Ball 2-1: Swinging Strike 2-2: Ball 3-2: Strikes out swinging
|
Bottom of the 7th over - 0 runs, 0 hits, 0 errors, 0 left on base; London 2 - New Jersey 6 |
TOP OF THE 8TH |
London Majors batting - Pitching for New Jersey Devils : RHP Antonio Reyes
|
Batting: LHB Kurt Estep
|
0-0: Reached on error, E4 (Groundball, 4, EV 86.2 MPH)
|
Batting: RHB Stephen Casteel
|
0-0: Ball 1-0: DOUBLE (Groundball, 5L, EV 98.1 MPH) Kurt Estep scores
|
Batting: LHB Eric Toney
|
0-0: Ball 1-0: Fly out, F7 (Line Drive, 7, EV 106.9 MPH)
|
Batting: RHB Terry Plumley
|
0-0: Ground out 5-3 (Groundball, 56S, EV 90.0 MPH)
|
Batting: SHB Dominik Hasek II
|
0-0: Ball 1-0: Ball 2-0: Ball 3-0: Called Strike 3-1: Foul Ball, location: 2F 3-2: Strikes out swinging
|
Top of the 8th over - 1 run, 1 hit, 1 error, 1 left on base; London 3 - New Jersey 6 |
BOTTOM OF THE 8TH |
New Jersey Devils batting - Pitching for London Majors : RHP Jason Hanson
|
Batting: LHB Miguel Ramos
|
0-0: Called Strike 0-1: Ball 1-1: Called Strike 1-2: Ball 2-2: Ball 3-2: Foul Ball, location: 2F 3-2: Strikes out swinging
|
Batting: LHB Matt Baker
|
0-0: Ground out U3 (Groundball, 3L, EV 108.1 MPH)
|
Batting: RHB Jim Freels
|
0-0: Ball 1-0: Foul Ball, location: 2F 1-1: Ball 2-1: Ground out 3-1 (Groundball, 34, EV 78.8 MPH)
|
Bottom of the 8th over - 0 runs, 0 hits, 0 errors, 0 left on base; London 3 - New Jersey 6 |
TOP OF THE 9TH |
London Majors batting - Pitching for New Jersey Devils : RHP Antonio Reyes
|
Pitching: RHP Jason Horvath
|
|
Batting: RHB Dan Muns
|
0-0: Ball 1-0: Ground out 5-3 (Groundball, 56, EV 83.1 MPH)
|
Pinch Hitting: SHB Kevin Watson
|
0-0: Ball 1-0: Ball 2-0: Ball 3-0: Base on Balls
|
Batting: RHB Shunsuke Shiba Inu
|
0-0: Fielders Choice at 2nd, 6-4 (Groundball, 6M, EV 86.9 MPH)
|
Batting: RHB Luis Gomez
|
0-0: 2-RUN HOME RUN (Flyball, 9D, EV 94.4 MPH), Distance : 353 ft
|
Batting: LHB Kurt Estep
|
0-0: Ball 1-0: Called Strike 1-1: Fly out, F9 (Flyball, 89S, EV 90.6 MPH)
|
Top of the 9th over - 2 runs, 1 hit, 0 errors, 0 left on base; London 5 - New Jersey 6 |
|